cohdb
Replays
Latest Replays
All Replays
Popular Replays
Top Player Replays
Match Explorer
How It Works
Community
CoH3 Stats
Reddit
Sign in to upload your games and track your stats! →
Sign in with Steam
Match 39740837
Unlisted
Match 39740837
Overview
Messages
Build Orders
End
Kettenkrad Recon Vehicle
Construct Infanterie Kompanie
MG 42 Machine Gun Team
Selects Terror Battlegroup
Selects Machine Gun Camouflage
Grenadier Squad
GrW 34 Mortar Team
MG 42 Machine Gun Team
Grenadier Squad
Construct Luftwaffe Kompanie
Selects Defend the Fatherland
Jäger Squad
Jäger Squad
Jäger Squad
Jäger Squad
AI Takeover
Bighazelnut
Martijn
BunK
86DRIFT3R
0
0
Comments
sign in to comment!
No comments posted yet!